 Dungeon Crawl Stone Soup version 0.26-a0-1161-g0398aca569 (webtiles) character file.

Game seed: 7341703217711422572

39 Majang the Cudgeller (level 3, -21/22 HPs)
             Began as a Gargoyle Gladiator on Dec 25, 2020.
             Demolished by a large abomination (23 damage)
             ... on level 1 of the Abyss.
             The game lasted 00:05:11 (1442 turns).

Majang the Cudgeller (Gargoyle Gladiator)           Turns: 1442, Time: 00:05:12

Health: -21/22     AC: 14    Str: 18      XL:     3   Next: 47%
Magic:  3/3        EV:  5    Int:  8      God:
Gold:   59         SH:  0    Dex:  8 (11) Spells: 2/2 levels left

rFire    . . .     SeeInvis .   a - +0 flail
rCold    . . .     Faith    .   (no shield)
rNeg     + . .     Spirit   .   k - +0 plate armour
rPois    ∞         Reflect  .   c - +0 helmet
rElec    +         Harm     .   (no cloak)
rCorr    .         Rampage  .   (no gloves)
Will     .....                  (no boots)
Stlth    ..........             (no amulet)
HPRegen  0.07/turn              (no ring)
MPRegen  0.08/turn              (no ring)

@: flying
A: negative energy resistance 1, electricity resistance, unbreathing,
petrification resistance, miasma immunity, AC +3
a: no special abilities


You were on level 1 of the Abyss.
You visited 1 branch of the dungeon, and saw 2 of its levels.
You visited the Abyss 1 time.

You collected 59 gold pieces.

Inventory:

Hand Weapons
 a - a +0 flail (weapon)
Missiles
 d - 3 throwing nets (quivered)
Armour
 b - a +0 leather armour
 c - a +0 helmet (worn)
 k - a +0 plate armour (worn)
Wands
 f - a wand of acid (13)
Scrolls
 e - 4 scrolls of identify {unknown}
 g - 2 scrolls of magic mapping {unknown}
 h - a scroll of immolation {unknown}
 i - a scroll of remove curse {unknown}
 j - a scroll of teleportation {unknown}


   Skills:
 + Level 2.7 Fighting
 * Level 3.6 Maces & Flails
 - Level 1.7 Throwing
 + Level 1.2 Armour
 + Level 2.6 Dodging


You had 2 spell levels left.
You didn't know any spells.
Your spell library was empty.

Dungeon Overview and Level Annotations

Branches:
Dungeon (2/15)

Altars:

Annotations:
D:2 Sigmund


Innate Abilities, Weirdness & Mutations

You are resistant to torment.
Your stone body is resilient. (AC +3)
You are immune to poison.
You resist negative energy. (rN+)
You are resistant to electric shocks. (rElec)
You can survive without breathing.
You are immune to petrification.
You are immune to miasma.


Message History

The large abomination barely misses you.
Evoke which item? (* to show all) (? for menu, Esc to quit)
Aiming: Corrosive Bolt
Press: ? - help, Shift-Dir - straight line, f - large abomination
Aim: a large abomination (lightly damaged, 10% to evade)
The bolt of acid hits the large abomination.
The large abomination is splashed with acid.
The acid corrodes the large abomination!
The large abomination is moderately damaged.
The large abomination barely misses you.
Evoke which item? (* to show all) (? for menu, Esc to quit)
Aiming: Corrosive Bolt
Press: ? - help, Shift-Dir - straight line, f/p - large abomination
Aim: a large abomination (moderately damaged, covered in acid, 10% to evade)
The bolt of acid hits the large abomination!
The large abomination is splashed with acid.
The large abomination is severely damaged.
The large abomination hits you!!
Ouch! That really hurt!
You die...

. ... .... .###
#.. .. .#. ## .#
. ..# .. ... #.
#. .. ##
.#..#X...
.....#..##
#.....#
....#.##.# ## .#
.. .
.#.##.##..####
.....
.####.#.X@.#
...## #...#######
#.........##....#
.. .#. # ..# ##.≈
...#. ....#(# ≈.
# ####.#...#... .
. .# ..# # # # #
.#...##.≈ .....##
#≈


You could see a large abomination (corroded).

Vanquished Creatures
  A gnoll (D:1)
  An ooze (D:1)
  A worm (D:2)
  A dart slug (D:1)
  3 leopard geckos
  A giant cockroach (D:2)
  4 jackals (D:1)
  2 bats
  A frilled lizard (D:1)
  2 kobolds (D:1)
  2 rats
19 creatures vanquished.

Notes
Turn   | Place    | Note
-------+----------+-------------------------------------------
     0 | D:1      | Majang the Gargoyle Gladiator began the quest for the Orb.
     0 | D:1      | Reached XP level 1. HP: 12/12 MP: 1/1
   198 | D:1      | Reached XP level 2. HP: 15/18 MP: 2/2
   862 | D:1      | Reached skill level 1 in Armour
   862 | D:1      | Reached XP level 3. HP: 17/22 MP: 3/3
  1179 | D:2      | Noticed Sigmund
  1238 | D:2      | Cast into level 1 of the Abyss (Sigmund)
  1433 | Abyss:1  | Noticed a large abomination
  1442 | Abyss:1  | Demolished by a large abomination

Illustrated notes

Levels and vault maps discovered:
D:1:      heliophobic_arrival_glass_houses, layout_loops_ring
D:2:      layout_loops_ring, general_overflow_altar, old_standard_altar,
          uniq_sigmund
Abyss:1:  base: D:1, guppyfry_abyss_exit_glass_guarded

Skill      XL: |  1  2 |
---------------+-------+-----
Armour         | 1 |  1.2
Fighting       | |  2.7
Maces & Flails | |  3.6
Throwing       | |  1.7
Dodging        | |  2.6

Action                   || total
-------------------------++-------
Melee: Flail             ||    87
Evoke: Wand              ||     2
  Use: Potion            ||     4
Armor: Leather armour    ||    37
       Plate armour      ||    66
Dodge: Dodged            ||    85

Table legend: (Time is in decaauts)
 A = Elapsed time spent in this place.
 B = Non-inter-level travel time spent in this place.
 C = Inter-level travel time spent in this place.
 D = Time resting spent in this place.
 E = Time spent auto-exploring this place.
 F = Levels seen in this place.
 G = Mean time per level.
                   A        B        C        D        E       F      G
               +--------+--------+--------+--------+--------+-----+--------+
         Total |   1442 |   1382 |     60 |    232 |    848 |   3 |  480.7 |
       Dungeon |   1251 |   1191 |     60 |    121 |    848 |   2 |  625.5 |
         Abyss |    191 |    191 |      0 |    111 |      0 |   1 |  191.0 |
               +--------+--------+--------+--------+--------+-----+--------+

Top non-repeatable levels by time:
     D:1: 992 daAuts
     D:2: 259 daAuts
 Abyss:1: 191 daAuts
